 Dungeon Crawl Stone Soup version 0.30.1-3-gfc49f6343a (webtiles) character file.

Game seed: 11874902765577889520

24 javelincjr the Caller (level 3, -1/21 HPs)
             Began as an Octopode Summoner on Aug 9, 2023.
             Slain by a kobold
             ... wielding a +1 dagger of venom
              (4 damage)
             ... on level 1 of the Dungeon.
             The game lasted 00:01:57 (422 turns).

javelincjr the Caller (Octopode Summoner)            Turns: 422, Time: 00:01:58

Health: -1/21      AC:  1    Str:  7    XL:     3   Next: 2%
Magic:  2/6        EV: 13    Int: 19    God:
Gold:   51         SH:  0    Dex: 12    Spells: 3/6 levels left

rFire   . . .        (no weapon)
rCold   . . .        (no shield)
rNeg    . . .        (helmet restricted)
rPois   .            (no amulet)
rElec   .            (no ring)
rCorr   .            (no ring)
SInv    .            (no ring)
Will    .....        (no ring)
Stlth   +++          (no ring)
HPRegen 0.23/turn    (no ring)
MPRegen 0.10/turn    (no ring)
                     (no ring)

%: no passive effects
@: lethally poisoned (-1 -> -10)
A: almost no armour, amphibious, 8 rings, camouflage 1, gelatinous body 1,
(nimble swimmer 1), tentacles
a: no special abilities


You were on level 1 of the Dungeon.
You visited 1 branch of the dungeon, and saw 1 of its levels.

You collected 51 gold pieces.

Inventory:

Scrolls
 b - a scroll of identify {unknown}
 c - a scroll of butterflies {unknown}
 e - a scroll of teleportation {unknown}
Potions
 a - a potion of magic
 d - a potion of heal wounds


   Skills:
 + Level 2.3 Dodging
 + Level 3.4 Stealth
 + Level 2.3 Spellcasting
 + Level 4.2 Summonings


You had 3 spell levels left.
You knew the following spells:

 Your Spells              Type           Power      Damage    Failure   Level
a - Summon Small Mammal   Summ           72%        N/A       3%          1
b - Call Imp              Summ           36%        N/A       4%          2

Your spell library contained the following spells:

 Spells                   Type           Power      Damage    Failure   Level
 Call Canine Familiar     Summ           18%        N/A       9%          3
 Summon Guardian Golem    Hex/Summ       10%        N/A       21%         3
 Summon Lightning Spire   Summ/Air       10%        N/A       56%         4


Dungeon Overview and Level Annotations

Branches:
Dungeon (1/15)

Altars:


Innate Abilities, Weirdness & Mutations

You cannot wear most types of armour.
You are amphibious.
You can wear up to eight rings at the same time.
Your skin changes colour to match your surroundings (Stealth+).
Your rubbery body absorbs attacks. (AC +1, EV +1)
((You are camouflaged when in or above water. (Stealth+)))
You have tentacles for arms and can constrict up to eight enemies at once.


Message History

A rat comes into view.
The kobold closely misses you.
You closely miss the kobold. Your grab misses the kobold.
You feel very sick.
Your cerulean imp misses the kobold.
The kobold hits you with a +1 dagger of venom.
You are more poisoned.
A goblin comes into view.
It is wielding a +0 dagger and quivering poisoned darts.
The kobold hits you with a +0 whip.
* * * LOW HITPOINT WARNING * * *
You are too injured to fight recklessly!
You are too injured to fight recklessly!
The kobold attacks as you move away! The kobold barely misses you.
* * * LOW HITPOINT WARNING * * *
You feel very sick.
Your cerulean imp closely misses the kobold.
The kobold completely misses your cerulean imp.
It was a potion of heal wounds.
You feel much better.
You feel very sick.
Your cerulean imp closely misses the kobold.
The kobold hits you with a +1 dagger of venom.
You are lethally poisoned!
The kobold hits your cerulean imp but does no damage.
The kobold attacks as you move away! The kobold closely misses you.
You feel very sick.
Your cerulean imp misses the kobold.
A jackal comes into view.
The kobold hits your cerulean imp with a +0 whip.
* * * LOW HITPOINT WARNING * * *
You feel very sick.
Your cerulean imp misses the kobold.
The kobold closely misses your cerulean imp.
You see here a hobgoblin corpse.
Casting: Call Imp (safe; 4% risk of failure)
Confirm with . or Enter, or press ? or * to list all spells.
* * * LOW HITPOINT WARNING * * *
You feel very sick.
Your cerulean imp disappears in a puff of smoke!
The kobold hits you with a +1 dagger of venom.
You die...

#. ##### #.# ########
#.... #.# #......#
##[### #!#
#......###..### #.#
#.........[....
#.###.......#####.#
#.#####.#.........# #.#
........@$###.....# #.+
.####.K..# #.....# #.#
##rb##.##†....##+##.#
#h§.# #....##........
#g.K##.##..#.##.#####.#
#..$# #...##.# .# #.#
#.###. #..# #.# .# +.#
..# #.?.## #.## #.# #(.
... #.##.#####.#


You could see a jackal, a goblin, 2 kobolds, a rat (ally target) and a friendly
bat (summoned).

Vanquished Creatures
  A gnoll (D:1)
  A hobgoblin (D:1)
  A quokka (D:1)
  A bat (D:1)
  3 rats (D:1)
7 creatures vanquished.

Vanquished Creatures (collateral kills)
  A dart slug (D:1)
  A hobgoblin (D:1)
  A quokka (D:1)
  2 ball pythons (D:1)
  A kobold (D:1)
  A rat (D:1)
7 creatures vanquished.

Grand Total: 14 creatures vanquished

Notes
Turn   | Place    | Note
-------+----------+-------------------------------------------
     0 | D:1      | javelincjr the Octopode Summoner began the quest for the
                  | Orb.
     0 | D:1      | Reached XP level 1. HP: 11/11 MP: 3/3
    76 | D:1      | Reached XP level 2. HP: 6/17 MP: 3/5
    98 | D:1      | Learned a level 2 spell: Call Imp
   408 | D:1      | Reached XP level 3. HP: 19/21 MP: 2/6
   418 | D:1      | HP: 1/21 [poisoned by a kobold]
   422 | D:1      | Slain by a kobold

Illustrated notes

Levels and vault maps discovered:
D:1:      minmay_arrival_four_houses, layout_rooms, minmay_vboxes

Skill      XL: |  1 |
---------------+----+-----
Stealth        | 3 |  3.4
Dodging        | |  2.3
Spellcasting   | |  2.3
Summonings     | |  4.2

Action                     || total
---------------------------++-------
  Melee: Unarmed           ||    35
         Tentacles         ||     6
         Constrict         ||     7
         Punch             ||     2
   Cast: Summon Small Mamm ||     6
         Call Imp          ||     5
    Use: Potion            ||     1
 Armour: Skin              ||     2
  Dodge: Dodged            ||    30
